 Dungeon Crawl Stone Soup version 0.29-a0-468-ge57f7f99b4 (webtiles) character file.

Game seed: 2195478422210480303

199 avis the Chopper (level 5, -6/46 HPs)
             Began as a Hill Orc Monk on May 21, 2022.
             Was a Believer of Beogh.
             Mangled by an ogre
             ... wielding a +0 giant club
              (15 damage)
             ... on level 4 of the Dungeon.
             The game lasted 00:12:40 (4213 turns).

avis the Chopper (Hill Orc Monk)                    Turns: 4213, Time: 00:12:41

Health: -6/46      AC:  9    Str: 16    XL:     5   Next: 77%
Magic:  6/6        EV:  7    Int: 10    God:    Beogh [**....]
Gold:   214        SH:  0    Dex: 13    Spells: 4/4 levels left

rFire   . . .      SeeInvis .   a - +0 war axe
rCold   . . .      Faith    .   (no shield)
rNeg    . . .      Spirit   .   e - +0 chain mail
rPois   .          Reflect  .   m - +0 helmet
rElec   .          Harm     .   (no cloak)
rCorr   .          Rampage  .   (no gloves)
Will    .....                   (no boots)
Stlth   ..........              (no amulet)
HPRegen 0.15/turn               (no ring)
MPRegen 0.10/turn               (no ring)

@: no status effects
A: no striking features
a: Renounce Religion, Smiting


You were on level 4 of the Dungeon.
You worshipped Beogh.
Beogh was pleased with you.
You visited 1 branch of the dungeon, and saw 4 of its levels.

You collected 214 gold pieces.

Inventory:

Hand Weapons
 a - a +0 war axe (weapon)
 g - a +0 hunting sling
 i - a +0 scythe
 n - a +0 spear
 r - a +0 spear
 v - a +2 short sword of flaming
 w - a +0 hunting sling
 z - a +0 hand axe
 A - a +1 falchion of holy wrath
Missiles
 f - 127 stones
 y - 4 poisoned darts (quivered)
 B - 2 boomerangs
Armour
 c - a +1 leather armour of poison resistance
 e - a +0 chain mail (worn)
 m - a +0 helmet (worn)
Wands
 t - a wand of iceblast (14)
Scrolls
 b - 2 scrolls of identify {unknown}
 d - 3 scrolls of teleportation {unknown}
 j - a scroll of amnesia {unknown}
 k - a scroll of enchant weapon {unknown}
 o - 2 scrolls of fear {unknown}
 q - a scroll of noise {unknown}
 u - a scroll of brand weapon {unknown}
 C - a scroll of enchant armour {unknown}
 D - a scroll of immolation {unknown}
Potions
 h - 3 potions of curing {unknown}
 l - a potion of resistance {unknown}
 p - a potion of invisibility {unknown}
 s - a potion of heal wounds {unknown}
 x - a potion of brilliance {unknown}


   Skills:
 + Level 4.0 Fighting
 * Level 7.9 Axes
 - Level 2.4 Dodging
 - Level 1.5 Stealth
 + Level 1.3 Invocations


You had 4 spell levels left.
You didn't know any spells.
Your spell library contained the following spells:

 Spells                   Type           Power      Damage    Failure   Level
 Dazzling Flash           Conj/Hex       0%         N/A       100%        3
 Agony                    Necr           0%         N/A       100%        5
 Silence                  Hex/Air        0%         N/A       100%        5


Dungeon Overview and Level Annotations

Branches:
Dungeon (4/15)
 Temple: D:4-7

Altars:
Fedhas

Shops:
D:2 ?


Message History

You kill the orc priest!
Beogh accepts your kill.
Beogh appreciates your killing of a heretic priest.
Your Fighting skill increases to level 4!
Things that are here:
a +0 dagger; a +1 leather armour of poison resistance
c - a +1 leather armour of poison resistance
f - 127 stones (gained 18)
An ogre comes into view. It is wielding a +0 giant club.
The ogre shouts!
You see here 13 gold pieces.
You now have 214 gold pieces (gained 13).
A ball python comes into view.
Throw: 7 darts (poison)
Press: ? - help, Q - select action, (/) - cycle Shift-Dir - straight line, f - ogre
Aim: an ogre, wielding a +0 giant club (74% to hit)
You throw a poisoned dart.
The poisoned dart barely misses the ogre.
The ball python hisses angrily.
Throw: 6 darts (poison)
Press: ? - help, Q - select action, (/) - cycle Shift-Dir - straight line, f/p - ogre
Aim: an ogre, wielding a +0 giant club (74% to hit)
You throw a poisoned dart. The poisoned dart hits the ogre.
The ogre is poisoned.
Throw: 5 darts (poison)
Press: ? - help, Q - select action, (/) - cycle Shift-Dir - straight line, f/p - ogre
Aim: an ogre, wielding a +0 giant club (lightly wounded, poisoned, 74% to hit)
You throw a poisoned dart. The poisoned dart hits the ogre.
The ogre is lightly wounded.
You hit the ogre.
The ogre is moderately wounded.
The ogre hits you with a +0 giant club!
You hit the ogre.
The ogre is heavily wounded.
The ogre hits you with a +0 giant club!!
* * * LOW HITPOINT WARNING * * *
You hit the ogre but do no damage.
The ogre is heavily wounded.
The ogre hits you with a +0 giant club!
You die...

########.##.#
#.......(.#.#
#...........#
#...........#
#.?..<......#
#.........(.#
#......)...S#
#.........#O#
#.........#@#
#.........#.#
#.........#..
###########.#.
#.#.. #.# ##
#.# #..


You could see an ogre (poisoned) and a ball python.

Vanquished Creatures
  2 orc priests
  An adder (D:3)
  4 gnolls
  A worm (D:2)
  10 orcs
  8 ball pythons
  4 bats
  6 endoplasms
  A giant cockroach (D:3)
  5 goblins
  6 hobgoblins
  7 jackals
  9 kobolds
  2 quokkas
  3 frilled lizards
  8 rats
77 creatures vanquished.

Vanquished Creatures (others)
  2 demonic plants (D:2)
2 creatures vanquished.

Grand Total: 79 creatures vanquished

Notes
Turn   | Place    | Note
-------+----------+-------------------------------------------
     0 | D:1      | avis the Hill Orc Monk began the quest for the Orb.
     0 | D:1      | Reached XP level 1. HP: 19/19 MP: 1/1
   182 | D:1      | Reached XP level 2. HP: 24/26 MP: 2/2
   315 | D:1      | Reached skill level 5 in Axes
   674 | D:1      | Reached XP level 3. HP: 25/31 MP: 3/3
  1227 | D:2      | Reached skill level 6 in Axes
  1419 | D:2      | Reached XP level 4. HP: 28/39 MP: 4/4
  1834 | D:2      | Found Oblox's Magic Scroll Shoppe.
  1995 | D:2      | Reached skill level 7 in Axes
  2522 | D:2      | Became a worshipper of Beogh the Brigand
  2522 | D:2      | Reached * piety under Beogh
  2522 | D:2      | Reached ** piety under Beogh
  2794 | D:2      | Found a faded altar of an unknown god.
  2794 | D:2      | Noticed a sixfirhy
  3266 | D:3      | Reached XP level 5. HP: 40/45 MP: 5/5
  3787 | D:4      | Found a blossoming altar of Fedhas.
  3929 | D:3      | Reached skill level 1 in Invocations
  4202 | D:4      | Noticed an ogre
  4213 | D:4      | Mangled by an ogre

Illustrated notes

Levels and vault maps discovered:
D:1:      nicolae_arrival_washed_ashore, layout_rooms
D:2:      layout_loops_corners, dreamdust_ecumenical_altar_sealed_demon,
          serial_shops, shop
D:3:      layout_loops_ring, minivault_26
D:4:      layout_basic, amcnicky_altar_gilded, chequers_jeans

Skill      XL: |  1  2  3  4  5 |
---------------+----------------+-----
Axes           | 5 6 7 |  7.9
Invocations    | 1 |  1.3
Fighting       | 4 |  4.0
Dodging        | |  2.4
Stealth        | |  1.5

Action                   |  1- 3 |  4- 6 || total
-------------------------+-------+-------++-------
Melee: Hand axe          |   129 |   115 ||   244
       War axe           |       |    46 ||    46
Throw: Dart              |       |     3 ||     3
Invok: Convert to Beogh  |       |     1 ||     1
  Use: Potion            |       |     1 ||     1
Armor: Chain mail        |    96 |    97 ||   193
Dodge: Dodged            |    36 |    38 ||    74

Table legend: (Time is in decaauts)
 A = Elapsed time spent in this place.
 B = Non-inter-level travel time spent in this place.
 C = Inter-level travel time spent in this place.
 D = Time resting spent in this place.
 E = Time spent auto-exploring this place.
 F = Levels seen in this place.
 G = Mean time per level.
                   A        B        C        D        E       F      G
               +--------+--------+--------+--------+--------+-----+--------+
         Total |   4223 |   3996 |    227 |   1308 |   1836 |   4 | 1055.8 |
       Dungeon |   4223 |   3996 |    227 |   1308 |   1836 |   4 | 1055.8 |
               +--------+--------+--------+--------+--------+-----+--------+

Top non-repeatable levels by time:
     D:2: 1516 daAuts
     D:1: 1422 daAuts
     D:3: 1246 daAuts
     D:4: 38 daAuts
